 Dungeon Crawl Stone Soup version 0.30-a0-728-gc68057be0a (webtiles) character file.

Game seed: 3005087073312437551

224 DeathSun the Cudgeller (level 5, -3/45 HPs)
             Began as a Minotaur Fighter on Jan 31, 2023.
             Slain by an orc
             ... wielding a +0 trident
              (4 damage)
             ... on level 4 of the Dungeon.
             The game lasted 00:03:25 (2127 turns).

DeathSun the Cudgeller (Minotaur Fighter)           Turns: 2127, Time: 00:03:26

Health: -3/45      AC:  9    Str: 27    XL:     5   Next: 67%
Magic:  4/4        EV:  9    Int:  7    God:
Gold:   149        SH:  4    Dex:  9    Spells: 4/4 levels left

rFire   . . .      SeeInvis .    a - +0 flail
rCold   . . .      Faith    .    c - +0 buckler
rNeg    . . .      Spirit   .    b - +0 scale mail
rPois   .          Reflect  .    (helmet restricted)
rElec   .          Harm     .    p - +1 cloak
rCorr   .          Rampage  .    (no gloves)
Will    .....                    (no boots) Stlth
                                 (no amulet)
HPRegen 0.27/turn                g - +6 ring of strength
MPRegen 0.09/turn                (no ring)

@: hasted, very quick
A: horns 2, retaliatory headbutt
a: no special abilities


You were on level 4 of the Dungeon.
You visited 1 branch of the dungeon, and saw 4 of its levels.

You collected 149 gold pieces.

Inventory:

Hand Weapons
 a - a +0 flail (weapon)
Armour
 b - a +0 scale mail (worn)
 c - a +0 buckler (worn)
 p - a +1 cloak (worn)
Jewellery
 g - a +6 ring of strength (left hand)
Scrolls
 f - a scroll of enchant armour {unknown}
 h - a scroll of vulnerability {unknown}
 i - a scroll of torment {unknown}
 k - a scroll of immolation {unknown}
 l - 2 scrolls of amnesia {unknown}
 n - a scroll of magic mapping {unknown}
 o - 2 scrolls of identify {unknown}
Potions
 d - a potion of might
 e - 2 potions of flight {unknown}
 j - a potion of berserk rage {unknown}
 m - 2 potions of mutation {unknown}
 q - a potion of haste
 r - a potion of heal wounds {unknown}
 s - a potion of curing {unknown}


   Skills:
 - Level 3.6 Fighting
 * Level 7.3 Maces & Flails
 - Level 3.6 Armour
 - Level 3.6 Shields


You had 4 spell levels left.
You didn't know any spells.
Your spell library contained the following spells:

 Spells                   Type           Power      Damage    Failure   Level
 Beastly Appendage        Tmut           0%         N/A       80%         1
 Sting                    Tmut/Pois      0%         1d3       80%         1
 Poisonous Vapours        Pois/Air       0%         N/A       90%         2
 Wereblood                Tmut           0%         N/A       90%         2
 Call Canine Familiar     Summ           0%         N/A       99%         3
 Ozocubu's Armour         Ice            0%         N/A       99%         3
 Portal Projectile        Hex/Tloc       0%         N/A       99%         3
 Spider Form              Tmut/Pois      0%         N/A       99%         3
 Animate Dead             Necr           0%         N/A       100%        4
 Leda's Liquefaction      Hex/Erth       0%         N/A       100%        4
 Olgreb's Toxic Radiance  Pois           0%         N/A       100%        4
 Borgnjor's Vile Clutch   Necr/Erth      0%         N/A       100%        5
 Death Channel            Necr           0%         N/A       100%        6
 Ozocubu's Refrigeration  Ice            0%         4d7       100%        7


Dungeon Overview and Level Annotations

Branches:
Dungeon (4/15)
 Temple: D:4-7

Altars:
Ashenzari
Fedhas
Ru
Yredelemnul

Shops:
D:2 (


Innate Abilities, Weirdness & Mutations

You have a pair of horns on your head.
You reflexively headbutt those who attack you in melee.


Message History

You block the orc's attack.
You are too injured to fight recklessly!
You are too injured to fight recklessly!
Unknown command.
You hit the orc priest.
The orc priest is severely wounded.
The iguana bites you but does no damage.
The orc priest closely misses you. The orc hits you but does no damage.
You barely miss the orc priest.
The orc priest is severely wounded.
The iguana bites you but does no damage.
The orc hits you from afar with a +0 trident!
* * * LOW HITPOINT WARNING * * *
You block the orc priest's attack.
You hit the orc priest.
The orc priest is almost dead.
You block the iguana's attack.
The orc hits you from afar with a +0 trident.
* * * LOW HITPOINT WARNING * * *
The orc priest looks satisfied for a moment.
You barely miss the orc priest.
The orc priest is almost dead.
The iguana bites you but does no damage.
You block the orc's attack.
The orc priest hits you with a +0 short sword.
* * * LOW HITPOINT WARNING * * *
The orc hits you but does no damage. The iguana closely misses you.
You furiously retaliate!
You headbutt the iguana.
The orc priest hits you with a +0 short sword.
* * * LOW HITPOINT WARNING * * *
You hit the orc priest.
You kill the orc priest!
The iguana bites you.
* * * LOW HITPOINT WARNING * * *
The orc hits you from afar with a +0 trident.
* * * LOW HITPOINT WARNING * * *
It was a potion of haste.
You feel yourself speed up. You block the iguana's attack.
The orc hits you from afar with a +0 trident.
You die...

...........#
..........#
......... #
#.......... .
#...
.....#.##.
... o...#....
#.###)l..[...
#....@).##..P
##........P.P
#.##..###PP_
#.<#..###PPP
#.........PP
##.#########
...# ###.#
#.#


You could see an iguana and an orc.

Vanquished Creatures
  3 orc priests
  Jessica (D:3)
  An orc wizard (D:2)
  A gnoll (D:3)
  A worm (D:2)
  2 dart slugs
  8 orcs
  4 ball pythons
  8 bats
  4 endoplasms (D:1)
  2 giant cockroaches
  9 goblins
  3 hobgoblins
  A quokka (D:3)
  2 frilled lizards
  7 kobolds
  4 rats
61 creatures vanquished.

Notes
Turn   | Place    | Note
-------+----------+-------------------------------------------
     0 | D:1      | DeathSun the Minotaur Fighter began the quest for the Orb.
     0 | D:1      | Reached XP level 1. HP: 19/19 MP: 0/0
   167 | D:1      | Reached skill level 3 in Maces & Flails
   170 | D:1      | Reached XP level 2. HP: 26/26 MP: 1/1
   275 | D:1      | Reached skill level 4 in Maces & Flails
   299 | D:1      | Found a faded altar of an unknown god.
   711 | D:1      | Reached XP level 3. HP: 28/31 MP: 2/2
   889 | D:2      | Found Jodytorch's Weapon Shoppe.
  1140 | D:2      | Reached skill level 5 in Maces & Flails
  1140 | D:2      | Reached XP level 4. HP: 21/39 MP: 3/3
  1329 | D:3      | Reached skill level 6 in Maces & Flails
  1555 | D:3      | Found a broken altar of Ashenzari.
  1555 | D:3      | Found a sacrificial altar of Ru.
  1584 | D:3      | Found a basalt altar of Yredelemnul.
  1789 | D:3      | Reached XP level 5. HP: 42/45 MP: 4/4
  1873 | D:3      | Noticed Jessica
  1876 | D:3      | Killed Jessica
  2083 | D:3      | Reached skill level 7 in Maces & Flails
  2116 | D:4      | Found a blossoming altar of Fedhas.
  2126 | D:4      | HP: 1/45 [orc/+0 trident (3)]
  2127 | D:4      | Slain by an orc

Illustrated notes

Levels and vault maps discovered:
D:1:      wander_arrival_estate, layout_basic, hellmonk_ecumenical_altar_zigzags
D:2:      kb_forest_paths, layout_loops_ring, serial_shops,
          nicolae_shop_bloodbath_and_beyond
D:3:      layout_basic, mainiacjoe_overflow_catwalk,
          amethyst_overflow_temple_binary, serial_corexii_hall,
          chequers_hall_statues_corner_a, corexii_hall_statues_x,
          dreamdust_wishing_well, nicolae_kite_square_tiling_tiny,
          minmay_curled_crystal, uniq_jessica
D:4:      layout_basic, fedhas_altar_3, general_overflow_altar,
          minmay_temple_entry_grid, minmay_quadrilaterals

Skill      XL: |  1  2  3  4  5 |
---------------+----------------+-----
Maces & Flails | 3 4 5 6 7 |  7.3
Fighting       | |  3.6
Armour         | |  3.6
Shields        | |  3.6

Action                     |  1- 3 |  4- 6 || total
---------------------------+-------+-------++-------
  Melee: Flail             |    77 |    50 ||   127
         Headbutt          |     9 |     3 ||    12
    Use: Potion            |       |     1 ||     1
 Armour: Scale mail        |    32 |    21 ||    53
  Dodge: Dodged            |    35 |    35 ||    70
  Block: Buckler           |    16 |    15 ||    31

Table legend: (Time is in decaauts)
 A = Elapsed time spent in this place.
 B = Non-inter-level travel time spent in this place.
 C = Inter-level travel time spent in this place.
 D = Time resting spent in this place.
 E = Time spent auto-exploring this place.
 F = Levels seen in this place.
 G = Mean time per level.
                   A        B        C        D        E       F      G
               +--------+--------+--------+--------+--------+-----+--------+
         Total |   2154 |   2108 |     46 |      0 |   1667 |   4 |  538.5 |
       Dungeon |   2154 |   2108 |     46 |      0 |   1667 |   4 |  538.5 |
               +--------+--------+--------+--------+--------+-----+--------+

Top non-repeatable levels by time:
     D:3: 961 daAuts
     D:1: 838 daAuts
     D:2: 337 daAuts
     D:4: 17 daAuts
